 Dungeon Crawl Stone Soup version 0.26-a0-651-gb41185065b (webtiles) character file.

Game seed: 6876283672857138160

13864 Lanoc the Basher (level 12, -4/96 HPs)
             Began as a Gnoll Chaos Knight on Oct 2, 2020.
             Was a Plaything of Xom.
             Engulfed by an ice statue's freezing vapour (11 damage)
             ... in an ice cave.
             The game lasted 00:19:03 (10504 turns).

Lanoc the Basher (Gnoll Chaos Knight)              Turns: 10504, Time: 00:19:04

Health: -4/96      AC: 17    Str: 16    XL:     12   Next: 10%
Magic:  24/24      EV: 18    Int: 16    God:    Xom [....*.]
Gold:   571        SH:  0    Dex: 19    Spells: 21/24 levels left

rFire    . . .     SeeInvis .   b - +8 long sword of Enashr Fumm {freeze, *Rage Fragile rPois rN++}
rCold    . . .     Faith    +   (no shield)
rNeg     + + .     Spirit   .   y - +0 steam dragon scales
rPois    +         Reflect  .   E - +0 helmet
rElec    .         Harm     .   A - +0 cloak
rCorr    .         Rampage  .   (no gloves)
MR       .....     Rnd*Rage +   p - +2 pair of boots
Stlth    ++........             I - amulet of faith
HPRegen  0.26/turn              (no ring)
MPRegen  0.19/turn              (no ring)

@: confused, studying Unarmed Combat
A: distributed training, fangs 1, iridescent scales 1, molten scales 1, clever
1, high mp 1, screaming 2, subdued magic 1, strong nose
a: Renounce Religion


You were in an ice cave.
You worshipped Xom.
You were a beloved toy of Xom.
You visited 2 branches of the dungeon, and saw 13 of its levels.
You also visited: Ice Cave.

You collected 702 gold pieces.
You spent 131 gold pieces at shops.

Inventory:

Hand Weapons
 a - a +2 dire flail of chaos
 b - the +8 long sword of Enashr Fumm (weapon) {freeze, *Rage Fragile rPois rN++}
   (You found it on level 7 of the Dungeon)

   It has been specially enchanted to freeze those struck by it, causing extra
   injury to most foes and up to half again as much damage against particularly
   susceptible opponents.
   It can also slow down cold-blooded creatures.
   It protects you from poison.
   It greatly protects you from negative energy.
   It may make you go berserk in combat.
   It will be destroyed if unequipped.
Missiles
 w - 8 atropa-tipped darts (quivered)
Armour
 p - a +2 pair of boots (worn)
 y - +0 steam dragon scales (worn)
 A - a +0 cloak (worn)
 E - a +0 helmet (worn)
Jewellery
 I - an amulet of faith (around neck)
Wands
 d - a wand of iceblast (10)
 x - a wand of polymorph (6)
 B - a wand of enslavement (11)
 C - a wand of flame (17)
 G - a wand of paralysis (12)
Scrolls
 c - 9 scrolls of identify
 g - 7 scrolls of remove curse
 j - 2 scrolls of enchant armour
 r - 2 scrolls of magic mapping
 t - 3 scrolls of amnesia
 z - a scroll of teleportation
 D - a scroll of blinking
Potions
 h - 3 potions of might
 i - 4 potions of curing
 l - 2 potions of brilliance
 n - 2 potions of haste
 o - 2 potions of flight
 s - a potion of cancellation
 v - a potion of berserk rage
 F - 2 potions of stabbing
 J - a potion of magic
Books
 u - a manual of Unarmed Combat


   Skills:
 + Level 9.6 Fighting
 + Level 6.9 Short Blades
 + Level 6.9 Long Blades
 + Level 6.9 Axes
 + Level 9.6 Maces & Flails
 + Level 6.9 Polearms
 + Level 6.9 Staves
 + Level 6.9 Slings
 + Level 6.9 Bows
 + Level 6.9 Crossbows
 + Level 6.9 Throwing
 + Level 8.4 Armour
 + Level 7.5 Dodging
 + Level 6.9 Stealth
 + Level 6.9 Shields
 + Level 8.8 Unarmed Combat
 + Level 6.9 Spellcasting
 + Level 5.7 Conjurations
 + Level 5.7 Hexes
 + Level 5.7 Summonings
 + Level 5.7 Necromancy
 + Level 5.7 Translocations
 + Level 5.7 Transmutations
 + Level 5.7 Fire Magic
 + Level 5.7 Ice Magic
 + Level 5.7 Air Magic
 + Level 5.7 Earth Magic
 + Level 5.7 Poison Magic
 + Level 7.6 Invocations
 + Level 6.9 Evocations


You had 21 spell levels left.
You knew the following spells:

 Your Spells              Type           Power        Failure   Level
a - Apportation           Tloc           ###...       1%          1
b - Wereblood             Tmut           ###.....     1%          2

Your spell library contained the following spells:

 Spells                   Type           Power        Failure   Level
 Animate Skeleton         Necr           ###...       1%          1
 Beastly Appendage        Tmut           ###...       1%          1
 Corona                   Hex            ###....      1%          1
 Foxfire                  Conj/Fire      ###.         1%          1
 Magic Dart               Conj           ###.         1%          1
 Pain                     Necr           ###.         1%          1
 Summon Small Mammal      Summ           ###.         1%          1
 Call Imp                 Summ           ###.....     1%          2
 Ensorcelled Hibernation  Hex/Ice        ###...       1%          2
 Searing Ray              Conj           ###...       1%          2
 Call Canine Familiar     Summ           ###.....     2%          3
 Confusing Touch          Hex            ###.....     2%          3
 Conjure Flame            Conj/Fire      ###.....     2%          3
 Dazzling Flash           Conj/Hex       ###...       2%          3
 Inner Flame              Hex/Fire       ###.....     2%          3
 Spider Form              Tmut/Pois      ###.......   2%          3
 Summon Guardian Golem    Hex/Summ       ###.....     2%          3
 Tukima's Dance           Hex            ###.....     2%          3
 Vampiric Draining        Necr           ###.......   2%          3
 Animate Dead             Necr           ###.......   10%         4
 Fulminant Prism          Conj/Hex       ###.......   10%         4
 Ice Form                 Ice/Tmut       ###.....     10%         4
 Iskenderun's Mystic Bla  Conj/Tloc      ###.....     10%         4
 Sticky Flame             Conj/Fire      ###.....     10%         4
 Summon Ice Beast         Ice/Summ       ###.....     10%         4
 Summon Lightning Spire   Summ/Air       ###.....     10%         4
 Agony                    Necr           ###.....     28%         5
 Blade Hands              Tmut           ###.......   28%         5
 Fireball                 Conj/Fire      ###.......   28%         5


Dungeon Overview and Level Annotations

Branches:
Dungeon (12/15)            Temple (1/1) D:6            Lair (0/6) D:10
    Orc (0/2) D:9           IceCv (1/1)

Altars:
Ashenzari
Cheibriados
Dithmenos
Makhleb
Qazlal
Ru
Uskayaw
Wu Jian
Xom

Shops:
D:4 =   D:6 ?   D:10 *   D:11 *

Annotations:
IceCv exclusion: ice statue


Innate Abilities, Weirdness & Mutations

Your experience applies equally to all skills.
You have very sharp teeth.
Your uncanny sense of smell can sniff out nearby items.
You are partially covered in iridescent scales. (AC +2)
You are partially covered in molten scales. (AC +2)
Your mind is acute. (Int +2)
You have an increased reservoir of magic. (+10% MP)
You sometimes yell uncontrollably at your foes.
Your spells are a little easier to cast, but a little less powerful.


Message History

Xom's power touches on your mind for a moment.
You are confused.
You are now a beloved toy of Xom.
You slice the ice statue!!
You bite the ice statue, but do no damage.
The ice statue is moderately damaged.
You're too confused to move!
The ice statue gestures at you. The freezing blast misses you.
You are engulfed in freezing vapours.
The ice statue gestures at you. The freezing blast misses you.
You are engulfed in freezing vapours.
* * * LOW HITPOINT WARNING * * *
You are engulfed in freezing vapours.
* * * LOW HITPOINT WARNING * * *
You bump into the ice covered rock wall.
You are engulfed in freezing vapours.
You die...
Xom howls with laughter!

##.. ## ##.
##.### ..
#....## #.
.....## .#
#....## ## ∆
#..○^#..#
∆∆#.○○○°.# ∆
∆∆#@8○°°.# #
∆##.○○°○##
#ZZ##.○☼○###
#......##
##...###
##..# ####


You could see an ice statue.

Vanquished Creatures
  Erolcha (D:10)
  A hydra (D:11)
  Erica (D:8)
  A two-headed ogre (D:10)
  Maurice (D:8)
  A centaur zombie (D:12)
  Joseph (D:8)
  Maggie (D:8)
  2 rime drakes (D:12)
  A kobold demonologist (D:9)
  2 trolls
  2 hippogriffs
  A slime creature (D:12)
  19 yaks
  Menkaure (D:6)
  Edmund (D:4)
  An acid dragon (D:11)
  An orc warrior (D:10)
  A sky beast (D:6)
  An ice beast (D:11)
  3 black bears
  4 phantoms
  4 centaurs
  6 ogres
  2 crocodiles
  2 big kobolds
  Blork the orc (D:5)
  9 bullfrogs
  3 wyvern skeletons
  2 scorpions
  14 killer bees
  3 howler monkeys
  13 wights
  A bullfrog zombie (D:10)
  A quasit (D:10)
  5 hounds
  2 jellies
  7 orc wizards
  3 centaur skeletons
  3 orc priests
  3 iron imps (D:9)
  An iguana (D:4)
  7 worker ants
  A killer bee zombie (D:7)
  A hound zombie (D:10)
  A howler monkey zombie (D:11)
  2 worker ant zombies
  9 adders
  2 shadow imps
  2 white imps
  An adder zombie (D:8)
  A worm (D:4)
  8 leopard geckos
  35 orcs
  A ball python (D:4)
  4 giant cockroaches
  6 hobgoblins
  A jackal (D:7)
  4 quokkas
  3 bats
  8 frilled lizards
  2 jackal skeletons
  A jackal zombie (D:7)
  9 kobolds
  A leopard gecko skeleton (D:5)
  2 rats (D:3)
245 creatures vanquished.

Vanquished Creatures (collateral kills)
  A hippogriff (D:10)
  A yak (D:10)
  An orc wizard (D:8)
  3 orcs (D:8)
6 creatures vanquished.

Vanquished Creatures (others)
  An orc (D:11)
1 creature vanquished.

Grand Total: 252 creatures vanquished

Notes
Turn   | Place    | Note
-------+----------+-------------------------------------------
     0 | D:1      | Lanoc the Gnoll Chaos Knight began the quest for the Orb.
     0 | D:1      | Reached XP level 1. HP: 23/23 MP: 1/1
   197 | D:1      | XOM: give mutation
   197 | D:1      | Gained mutation: You are partially covered in molten
                  | scales. (AC +2) [Xom's grace]
   248 | D:2      | XOM: god gift: pink potion {god gift}
   266 | D:2      | Reached XP level 2. HP: 29/29 MP: 2/2
   331 | D:3      | XOM: 1-stop teleportation journey
   406 | D:3      | Reached XP level 3. HP: 34/35 MP: 2/4
   446 | D:3      | XOM: scenery: summon butterflies
   518 | D:3      | Reached skill level 1 in Invocations
   525 | D:3      | Noticed a centaur
   525 | D:3      | a kobold changed into a centaur
   525 | D:3      | XOM: divination: detect creatures
   546 | D:3      | Killed a centaur
   546 | D:3      | Reached skill level 1 in Short Blades
   546 | D:3      | Reached skill level 1 in Long Blades
   546 | D:3      | Reached skill level 1 in Axes
   546 | D:3      | Reached skill level 1 in Polearms
   546 | D:3      | Reached skill level 1 in Staves
   546 | D:3      | Reached skill level 1 in Slings
   546 | D:3      | Reached skill level 1 in Bows
   546 | D:3      | Reached skill level 1 in Crossbows
   546 | D:3      | Reached skill level 1 in Throwing
   546 | D:3      | Reached skill level 1 in Stealth
   546 | D:3      | Reached skill level 1 in Shields
   546 | D:3      | Reached skill level 1 in Unarmed Combat
   546 | D:3      | Reached skill level 1 in Spellcasting
   546 | D:3      | Reached skill level 1 in Conjurations
   546 | D:3      | Reached skill level 1 in Hexes
   546 | D:3      | Reached skill level 1 in Summonings
   546 | D:3      | Reached skill level 1 in Necromancy
   546 | D:3      | Reached skill level 1 in Translocations
   546 | D:3      | Reached skill level 1 in Transmutations
   546 | D:3      | Reached skill level 1 in Fire Magic
   546 | D:3      | Reached skill level 1 in Ice Magic
   546 | D:3      | Reached skill level 1 in Air Magic
   546 | D:3      | Reached skill level 1 in Earth Magic
   546 | D:3      | Reached skill level 1 in Poison Magic
   546 | D:3      | Reached skill level 1 in Evocations
   546 | D:3      | Reached XP level 4. HP: 35/41 MP: 5/5
   546 | D:3      | Reached XP level 5. HP: 40/47 MP: 6/6
   714 | D:3      | Learned a level 1 spell: Apportation
   969 | D:3      | Found a snail-covered altar of Cheibriados.
   972 | D:3      | Found an ornate altar of the Wu Jian Council.
   974 | D:3      | Found a shimmering altar of Xom.
  1247 | D:4      | XOM: confusion
  1261 | D:3      | Reached XP level 6. HP: 35/53 MP: 8/8
  1388 | D:4      | Reached skill level 5 in Armour
  1532 | D:4      | Noticed a phantom
  1696 | D:4      | XOM: noise
  1705 | D:4      | XOM: 1-stop teleportation journey
  1745 | D:4      | Killed a phantom
  1745 | D:4      | Reached XP level 7. HP: 29/60 MP: 10/10
  2001 | D:4      | XOM: noise
  2168 | D:4      | XOM: give mutations
  2168 | D:4      | Gained mutation: You are frail. (-10% HP) [Xom's mischief]
  2168 | D:4      | Gained mutation: You occasionally shout uncontrollably at
                  | your foes. [Xom's mischief]
  2359 | D:4      | XOM: give mutation
  2359 | D:4      | Gained mutation: You are clumsy. (Dex -2) [Xom's mischief]
  2417 | D:4      | XOM: 1-stop teleportation journey
  2541 | D:4      | Found Xisyex Seo's Jewellery Emporium.
  2611 | D:4      | Noticed Edmund
  2618 | D:4      | XOM: summons 1 hostile demon
  2627 | D:4      | Reached XP level 8. HP: 60/60 MP: 12/12
  2641 | D:4      | Killed Edmund
  2784 | D:4      | XOM: summons 5 hostile demons
  2785 | D:4      | Noticed a ynoxinul
  2868 | D:4      | XOM: summons 5 hostile demons
  2869 | D:4      | Noticed a sun demon
  2870 | D:5      | Entered Level 5 of the Dungeon
  3478 | D:5      | Noticed Blork the orc
  3480 | D:5      | XOM: chaos upgrade
  3495 | D:5      | Killed Blork the orc
  3622 | D:5      | XOM: summons 4 hostile shadow creatures
  3775 | D:5      | XOM: give mutations
  3775 | D:5      | Gained mutation: Armour fits poorly on your strangely
                  | shaped body. [Xom's mischief]
  3775 | D:5      | Gained mutation: Your flesh is heat resistant. (rF+) [Xom's
                  | mischief]
  3775 | D:5      | Gained mutation: You are very frail. (-20% HP) [Xom's
                  | mischief]
  3775 | D:5      | Gained mutation: Your spells are a little easier to cast,
                  | but a little less powerful. [Xom's mischief]
  3883 | D:5      | Learned a level 2 spell: Wereblood
  3905 | D:6      | Noticed Menkaure
  3907 | D:6      | XOM: 1-stop teleportation journey
  4107 | D:6      | Found a staircase to the Ecumenical Temple.
  4109 | D:6      | XOM: chaos cloud
  4113 | D:6      | Paralysed by you for 3 turns
  4224 | Temple   | Entered the Ecumenical Temple
  4272 | D:6      | Found Cinoaf Moipn's Magic Scroll Shoppe.
  4277 | D:6      | Bought a scroll of teleportation for 33 gold pieces
  4277 | D:6      | Bought a scroll of remove curse for 33 gold pieces
  4305 | D:6      | Found a shimmering altar of Xom.
  4359 | D:6      | Killed Menkaure
  4359 | D:6      | Reached XP level 9. HP: 57/57 MP: 14/14
  4404 | D:6      | Found a sacrificial altar of Ru.
  4470 | D:6      | XOM: summons 5 hostile demons
  4505 | D:6      | XOM: summons 4 hostile shadow creatures
  4967 | D:6      | XOM: enchant monster (bad)
  5428 | D:6      | XOM: blink monster(s)
  5571 | D:7      | Reached skill level 5 in Dodging
  5755 | D:7      | Lost mutation: Armour fits poorly on your strangely shaped
                  | body. [potion of mutation]
  5755 | D:7      | Lost mutation: Your spells are a little easier to cast, but
                  | a little less powerful. [potion of mutation]
  5755 | D:7      | Lost mutation: Your flesh is heat resistant. (rF+) [potion
                  | of mutation]
  5755 | D:7      | Lost mutation: You are very frail. (-20% HP) [potion of
                  | mutation]
  5755 | D:7      | Gained mutation: You expend magic power (3 MP) to
                  | strengthen your wands. [potion of mutation]
  5755 | D:7      | Gained mutation: Your spells are a little easier to cast,
                  | but a little less powerful. [potion of mutation]
  5755 | D:7      | Gained mutation: You are partially covered in iridescent
                  | scales. (AC +2) [potion of mutation]
  5756 | D:7      | Lost mutation: You expend magic power (3 MP) to strengthen
                  | your wands. [potion of mutation]
  5756 | D:7      | Lost mutation: You are frail. (-10% HP) [potion of
                  | mutation]
  5756 | D:7      | Lost mutation: You are clumsy. (Dex -2) [potion of
                  | mutation]
  5756 | D:7      | Gained mutation: Your mind is acute. (Int +2) [potion of
                  | mutation]
  5756 | D:7      | Gained mutation: You have an increased reservoir of magic.
                  | (+10% MP) [potion of mutation]
  5919 | D:7      | XOM: silly message
  6075 | D:7      | XOM: confuse monster(s)
  6079 | D:7      | XOM: noise
  6288 | D:7      | XOM: silly message
  6296 | D:7      | Got a pitted long sword
  6296 | D:7      | Identified the +8 long sword of Enashr Fumm {freeze, *Rage
                  | Fragile rPois rN++} (You found it on level 7 of the
                  | Dungeon)
  6408 | D:7      | XOM: divination: magic mapping
  6688 | D:8      | Noticed Erica
  6691 | D:8      | XOM: divination: detect creatures
  6696 | D:8      | Killed Erica
  6696 | D:8      | Reached skill level 5 in Unarmed Combat
  6696 | D:8      | Reached skill level 5 in Invocations
  6696 | D:8      | Reached XP level 10. HP: 60/80 MP: 13/18
  6793 | D:8      | XOM: divination: magic mapping
  6879 | D:8      | Noticed Maggie
  6890 | D:8      | Killed Maggie
  6890 | D:8      | Reached skill level 5 in Short Blades
  6890 | D:8      | Reached skill level 5 in Long Blades
  6890 | D:8      | Reached skill level 5 in Axes
  6890 | D:8      | Reached skill level 5 in Polearms
  6890 | D:8      | Reached skill level 5 in Staves
  6890 | D:8      | Reached skill level 5 in Slings
  6890 | D:8      | Reached skill level 5 in Bows
  6890 | D:8      | Reached skill level 5 in Crossbows
  6890 | D:8      | Reached skill level 5 in Throwing
  6890 | D:8      | Reached skill level 5 in Stealth
  6890 | D:8      | Reached skill level 5 in Shields
  6890 | D:8      | Reached skill level 5 in Spellcasting
  6890 | D:8      | Reached skill level 5 in Evocations
  6897 | D:8      | XOM: cast spell 'Shadow Creatures'
  6917 | D:8      | Noticed Maurice
  6937 | D:8      | Killed Maurice
  6948 | D:8      | Found a shadowy altar of Dithmenos.
  7257 | D:8      | XOM: enchant monster (bad)
  7477 | D:8      | Noticed Joseph
  7509 | D:8      | Killed Joseph
  7610 | D:9      | XOM: swap monsters
  7920 | D:9      | XOM: cast spell 'Summon Small Mammal'
  7932 | D:9      | XOM: divination: magic mapping
  8168 | D:9      | XOM: scenery: create altars
  8301 | D:9      | Found a staircase to the Orcish Mines.
  8355 | D:9      | Found a burning altar of Makhleb.
  8443 | D:9      | Noticed a kobold demonologist
  8452 | D:9      | Killed a kobold demonologist
  8452 | D:9      | Reached XP level 11. HP: 87/87 MP: 21/21
  8565 | D:10     | Entered Level 10 of the Dungeon
  8763 | D:10     | XOM: summons 5 friendly demons
  8768 | D:10     | Noticed a two-headed ogre
  8773 | D:10     | Reached skill level 5 in Conjurations
  8773 | D:10     | Reached skill level 5 in Hexes
  8773 | D:10     | Reached skill level 5 in Summonings
  8773 | D:10     | Reached skill level 5 in Necromancy
  8773 | D:10     | Reached skill level 5 in Translocations
  8773 | D:10     | Reached skill level 5 in Transmutations
  8773 | D:10     | Reached skill level 5 in Fire Magic
  8773 | D:10     | Reached skill level 5 in Ice Magic
  8773 | D:10     | Reached skill level 5 in Air Magic
  8773 | D:10     | Reached skill level 5 in Earth Magic
  8773 | D:10     | Reached skill level 5 in Poison Magic
  8783 | D:10     | Killed a two-headed ogre
  8924 | D:10     | XOM: enchant monster (bad)
  8925 | D:10     | XOM: blink monster(s)
  8930 | D:10     | XOM: swap monsters
  8942 | D:10     | XOM: 3-stop teleportation journey
  9030 | D:10     | XOM: 6-stop teleportation journey
  9033 | D:10     | Noticed Erolcha
  9045 | D:10     | Killed Erolcha
  9126 | D:10     | XOM: summons 3 hostile shadow creatures
  9198 | D:10     | Found Junwirgha's General Store.
  9201 | D:10     | Bought a potion of heal wounds for 65 gold pieces
  9201 | D:10     | Found a staircase to the Lair.
  9226 | D:10     | XOM: summons 1 hostile demon
  9558 | D:11     | Noticed a four-headed hydra
  9566 | D:11     | Killed a four-headed hydra
  9707 | D:11     | XOM: silly message
  9711 | D:11     | XOM: chaos cloud
  9713 | D:11     | Paralysed by you for 2 turns
  9715 | D:11     | XOM: confusion
  9970 | D:11     | Found an ornate altar of the Wu Jian Council.
 10074 | D:11     | Found Vominugg's General Store.
 10405 | D:12     | Noticed a cyclops
 10441 | D:12     | XOM: chaos cloud
 10444 | D:12     | XOM: noise
 10450 | D:12     | Reached XP level 12. HP: 61/96 MP: 24/24
 10460 | D:12     | XOM: enchant monster (bad)
 10463 | D:12     | XOM: give mutations
 10463 | D:12     | Gained mutation: You sometimes yell uncontrollably at your
                  | foes. [Xom's mischief]
 10469 | D:12     | Found a frozen archway.
 10483 | IceCv    | Entered an ice cave
 10486 | IceCv    | XOM: 1-stop teleportation journey
 10494 | IceCv    | XOM: 2-stop teleportation journey
 10497 | IceCv    | XOM: confusion
 10504 | IceCv    | Engulfed by an ice statue's freezing vapour

Illustrated notes

Levels and vault maps discovered:
D:1:      dpeg_arrival_ternary, layout_loops_cross
D:2:      layout_loops_ring, chequers_ecumenical_altar_island,
          ebering_dispersal_statue_hall, kennysheep_cluttered_room
D:3:      layout_rooms, minitemple
D:4:      layout_basic, minmay_shop_enchanted_jewellery, uniq_edmund
D:5:      layout_loops_ring, minmay_crystal_water, nicolae_zen_rock_garden,
          uniq_blork_the_orc
D:6:      layout_gridville, nicolae_ru_sacrificial_ziggurat,
          minmay_temple_entry_large_hall, serial_shops, shop, basic_altar,
          uniq_menkaure
D:7:      layout_gridville, minmay_manual_mess
D:8:      layout_gridville, kennysheep_mini_moat, kennysheep_crisscross,
          minmay_misc_feat_five, uniq_maurice, uniq_erica, uniq_joseph,
          uniq_maggie
D:9:      minmay_general_purpose_star, layout_basic, demons_altar
D:10:     layout_basic, lair_entry_dummy, serial_shops,
          nicolae_shop_behind_doors, uniq_erolcha
D:11:     layout_loops_ring, basic_altar, serial_shops, shop
D:12:     layout_cave_pools, portal_ice_cave_rime
Temple:   kb_temple_of_zot
IceCv:    ice_cave_small_necro

Skill      XL: |  1  2  3  4  5  6  7  8  9 10 11 |
---------------+----------------------------------+-----
Invocations    | 1 2 3 4 5 6 7 |  7.6
Short Blades   | 1 2 3 4 5 6 |  6.9
Long Blades    | 1 2 3 4 5 6 |  6.9
Axes           | 1 2 3 4 5 6 |  6.9
Polearms       | 1 2 3 4 5 6 |  6.9
Staves         | 1 2 3 4 5 6 |  6.9
Slings         | 1 2 3 4 5 6 |  6.9
Bows           | 1 2 3 4 5 6 |  6.9
Crossbows      | 1 2 3 4 5 6 |  6.9
Throwing       | 1 2 3 4 5 6 |  6.9
Stealth        | 1 2 3 4 5 6 |  6.9
Shields        | 1 2 3 4 5 6 |  6.9
Unarmed Combat | 1 2 3 5 6 8 |  8.8
Spellcasting   | 1 2 3 4 5 6 |  6.9
Conjurations   | 1 2 3 4 5 |  5.7
Hexes          | 1 2 3 4 5 |  5.7
Summonings     | 1 2 3 4 5 |  5.7
Necromancy     | 1 2 3 4 5 |  5.7
Translocations | 1 2 3 4 5 |  5.7
Transmutations | 1 2 3 4 5 |  5.7
Fire Magic     | 1 2 3 4 5 |  5.7
Ice Magic      | 1 2 3 4 5 |  5.7
Air Magic      | 1 2 3 4 5 |  5.7
Earth Magic    | 1 2 3 4 5 |  5.7
Poison Magic   | 1 2 3 4 5 |  5.7
Evocations     | 1 2 3 4 5 6 |  6.9
Dodging        | 3 4 5 6 7 |  7.5
Armour         | 5 6 7 8 |  8.4
Fighting       | 7 8 9 |  9.6
Maces & Flails | 7 8 9 |  9.6

Action                   |  1- 3 |  4- 6 |  7- 9 | 10-12 || total
-------------------------+-------+-------+-------+-------++-------
Melee: Mace              |    81 |   118 |   133 |       ||   332
       Bite              |     5 |    10 |    40 |    49 ||   104
       Punch             |     2 |     2 |     1 |    20 ||    25
       Dire flail        |       |       |   210 |       ||   210
       Long sword        |       |       |    14 |   331 ||   345
 Cast: Wereblood         |       |       |     1 |       ||     1
Evoke: Wand              |       |       |       |     7 ||     7
  Use: Potion            |     3 |       |     4 |     2 ||     9
       Scroll            |       |       |     1 |    17 ||    18
 Stab: Sleeping          |       |     2 |     3 |     6 ||    11
       Paralysed         |       |     2 |     5 |       ||     7
       Petrifying        |       |       |     2 |       ||     2
       Petrified         |       |       |     2 |       ||     2
       Confused          |       |       |       |     1 ||     1
       Distracted        |       |       |       |     3 ||     3
       Invisible         |       |       |       |     1 ||     1
Armor: Leather armour    |    43 |    59 |   159 |    12 ||   273
       Skin              |       |       |     1 |       ||     1
       Steam dragon scal |       |       |       |   155 ||   155
Dodge: Dodged            |    65 |    84 |   338 |   339 ||   826
       Rpst.: Long sword |       |       |     4 |    92 ||    96

Table legend: (Time is in decaauts)
 A = Elapsed time spent in this place.
 B = Non-inter-level travel time spent in this place.
 C = Inter-level travel time spent in this place.
 D = Time resting spent in this place.
 E = Time spent auto-exploring this place.
 F = Levels seen in this place.
 G = Mean time per level.
                   A        B        C        D        E       F      G
               +--------+--------+--------+--------+--------+-----+--------+
         Total |  10688 |  10475 |    213 |    907 |   7417 |  14 |  763.4 |
       Dungeon |  10666 |  10453 |    213 |    907 |   7417 |  12 |  888.8 |
        Temple |      1 |      1 |      0 |      0 |      0 |   1 |    1.0 |
      Ice Cave |     20 |     20 |      0 |      0 |      0 |   1 |   20.0 |
               +--------+--------+--------+--------+--------+-----+--------+

Top non-repeatable levels by time:
     D:6: 1737 daAuts
     D:4: 1490 daAuts
     D:3: 1130 daAuts
     D:9: 1058 daAuts
     D:5: 1035 daAuts
    D:10: 1022 daAuts
     D:7: 988 daAuts
     D:8: 936 daAuts
    D:11: 889 daAuts
     D:1: 245 daAuts
    D:12: 99 daAuts
     D:2: 32 daAuts
   IceCv: 20 daAuts
  Temple: 1 daAuts
